 Dungeon Crawl Stone Soup version 0.30-a0-23-ge60ba3568b (webtiles) character file.

Game seed: 10728586717885059452

11 Keybladegaming the Scratcher (level 2, -1/11 (12) HPs)
             Began as a Felid Transmuter on Aug 17, 2022.
             Slain by a quokka (3 damage)
             ... on level 2 of the Dungeon on Aug 24, 2022.
             The game lasted 00:08:54 (371 turns).

Keybladegaming the Scratcher (Felid Transmuter)      Turns: 371, Time: 00:08:54

HP:   -1/11 (12)    AC:  1    Str:  6    XL:     2   Next: 13%
MP:   6/6           EV: 17    Int: 14    God:
Gold: 38            SH:  0    Dex: 16    Spells: 4/5 levels left
                                        Lives: 0   Deaths: 0

rFire   . . .      SeeInvis +      - Unarmed
rCold   . . .      Faith    .    (shield unavailable)
rNeg    . . .      Spirit   .    (body armour unavailable)
rPois   .          Reflect  .    (helmet unavailable)
rElec   .          Harm     .    (cloak unavailable)
rCorr   .          Rampage  .    (gloves unavailable)
Will    .....                    (boots unavailable)
Stlth   +.........               (no amulet)
HPRegen 0.03/turn                (no ring)
MPRegen 0.10/turn                (no ring)

@: drained, quick
A: very small, claws 1, fangs 3, see invisible, speed 1, shaggy fur 1, stealthy
paws, no weapons or thrown items, no armour, multi-lived
a: no special abilities


You were on level 2 of the Dungeon.
You visited 1 branch of the dungeon, and saw 2 of its levels.

You collected 38 gold pieces.

Inventory:

Armour
 d - a +0 cloak
Scrolls
 f - a scroll of poison (quivered)
Potions
 b - a potion of resistance {unknown}
 e - a potion of brilliance {unknown}


   Skills:
 + Level 1.5 Fighting
 + Level 2.8 Dodging
 + Level 3.1 Unarmed Combat
 + Level 2.2 Spellcasting
 + Level 2.2 Transmutations


You had 4 spell levels left.
You knew the following spells:

 Your Spells              Type           Power      Damage    Failure   Level
a - Beastly Appendage     Tmut           14%        N/A       10%         1

Your spell library contained the following spells:

 Spells                   Type           Power      Damage    Failure   Level
 Wereblood                Tmut           7%         N/A       14%         2
 Spider Form              Tmut/Pois      4%         N/A       41%         3
 Ice Form                 Ice/Tmut       4%         N/A       82%         4


Dungeon Overview and Level Annotations

Branches:
Dungeon (2/15)

Altars:


Innate Abilities, Weirdness & Mutations

You have sharp claws.
You have razor-sharp teeth.
You have supernaturally acute eyesight. (SInv)
You cover ground quickly. (Speed+)
You are covered in fur. (AC +1)
Your paws help you pounce on unaware monsters.
You are incapable of wielding weapons or throwing items.
You cannot wear armour.
You gain extra lives every three experience levels.


Message History

You scratch the bat but do no damage. The bat completely misses you.
The bat hits you.
You closely miss the bat. The bat hits you but does no damage.
The bat closely misses you. The bat misses you.
You claw the bat!
You kill the bat!
Your horns disappear.
You now have 38 gold pieces (gained 12).
There is a stone staircase leading up here.
There are no items here.
There are no items here.
There are no items here.
There are no items here.
There are no items here.
There are no items here.
There are no items here.
There are no items here.
There are no items here.
There are no items here.
You can't go down here!
You climb upwards.
The ball python hisses angrily.
The hobgoblin shouts!
There is a stone staircase leading down here.
The rat bites you. The quokka barely misses you.
You climb downwards.
There is a stone staircase leading up here.
The rat barely misses you. The quokka misses you.
You climb upwards.
The endoplasm completely misses you.
There is a stone staircase leading down here.
The quokka bites you.
* * * LOW HITPOINT WARNING * * *
The rat bites you.
* * * LOW HITPOINT WARNING * * *
The hobgoblin barely misses you. The endoplasm closely misses you.
You climb downwards.
There is a stone staircase leading up here.
The quokka misses you. The rat completely misses you.
The endoplasm barely misses you. The hobgoblin closely misses you.
The quokka bites you.
You die...

.####.# #......# . #.#
##..##### . #.# #...# .
#.# #.#.# . #.# ##.#.#
. #.####..#.## #
#......##..#
##########.##### #
#.....g@r.# ...
#.....Jr..#######..(..
#....................b
#.......รท.############
#.........# ###########


You could see an endoplasm, a quokka, a hobgoblin and a rat.

Vanquished Creatures
  A worm (D:2)
  2 bats (D:2)
  A goblin (D:2)
  A kobold (D:2)
  A quokka (D:2)
  A frilled lizard (D:1)
  A rat (D:2)
8 creatures vanquished.

Notes
Turn   | Place    | Note
-------+----------+-------------------------------------------
     0 | D:1      | Keybladegaming the Felid Transmuter began the quest for the
                  | Orb.
     0 | D:1      | Reached XP level 1. HP: 9/9 MP: 4/4
   122 | D:2      | Upgraded the game from 0.29-a0-1052-g6990b1bffc to
                  | 0.30-a0-23-ge60ba3568b
   134 | D:2      | Reached XP level 2. HP: 12/12 MP: 4/6
   371 | D:2      | Slain by a quokka

Illustrated notes

Levels and vault maps discovered:
D:1:      dpeg_arrival_round_a, layout_loops_ring,
          chequers_ecumenical_altar_simple, serial_shops, shop,
          serial_bayou_pond_d, nicolae_kite_square_tiling_tiny
D:2:      layout_rooms, uniq_robin

Action                   || total
-------------------------++-------
Melee: Unarmed           ||    26
       Headbutt          ||     2
 Cast: Beastly Appendage ||     3
  Use: Scroll            ||     1
       Potion            ||     1
 Stab: Sleeping          ||     1
Armor: Skin              ||     4
Dodge: Dodged            ||    35

Table legend: (Time is in decaauts)
 A = Elapsed time spent in this place.
 B = Non-inter-level travel time spent in this place.
 C = Inter-level travel time spent in this place.
 D = Time resting spent in this place.
 E = Time spent auto-exploring this place.
 F = Levels seen in this place.
 G = Mean time per level.
                   A        B        C        D        E       F      G
               +--------+--------+--------+--------+--------+-----+--------+
         Total |    335 |    334 |      1 |    121 |      0 |   2 |  167.5 |
       Dungeon |    335 |    334 |      1 |    121 |      0 |   2 |  167.5 |
               +--------+--------+--------+--------+--------+-----+--------+

Top non-repeatable levels by time:
     D:2: 293 daAuts
     D:1: 42 daAuts
